 Dungeon Crawl Stone Soup version 0.31-a0-210-gccc998df9b (webtiles) character file.

Game seed: 8277791548619737256

67 Barriton the Firebug (level 4, -1/33 HPs)
             Began as a Draconian Fire Elementalist on June 30, 2023.
             Slain by Natasha (7 damage)
             ... on level 1 of the Dungeon.
             The game lasted 00:02:46 (1296 turns).

Barriton the Firebug (Draconian Fire Elementalist)  Turns: 1296, Time: 00:02:49

Health: -1/33      AC:  5    Str: 11    XL:     4   Next: 0%
Magic:  0/8        EV: 12    Int: 17    God:
Gold:   32         SH:  0    Dex: 11    Spells: 5/8 levels left

rFire   . . .        (no weapon)
rCold   . . .        (no shield)
rNeg    . . .        (body armour unavailable)
rPois   .            (helmet restricted)
rElec   .            (no cloak)
rCorr   .            (no gloves)
SInv    .            (no boots)
Will    .....        (no amulet)
Stlth   ++           (no ring)
HPRegen 0.25/turn    (no ring)
MPRegen 0.11/turn

%: no passive effects
@: slowed, very slow
A: AC +5, unfitting armour, cold-blooded
a: no special abilities


You were on level 1 of the Dungeon.
You visited 1 branch of the dungeon, and saw 2 of its levels.

You collected 32 gold pieces.

Inventory:

Scrolls
 c - a scroll of identify


   Skills:
 + Level 0.1 Fighting
 + Level 2.1 Dodging
 + Level 1.9 Stealth
 + Level 0.1 Unarmed Combat
 + Level 2.7 Spellcasting
 + Level 1.4 Conjurations
 + Level 3.9 Fire Magic


You had 5 spell levels left.
You knew the following spells:

 Your Spells              Type           Power      Damage    Failure   Level
a - Foxfire               Conj/Fire      44%        2x1d6     6%          1
b - Scorch                Fire           30%        2d6       5%          2

Your spell library contained the following spells:

 Spells                   Type           Power      Damage    Failure   Level
 Inner Flame              Hex/Fire       8%         N/A       24%         3
 Volatile Blastmotes      Fire/Tloc      16%        2d11      24%         3
 Flame Wave               Conj/Fire      11%        2d6       52%         4


Dungeon Overview and Level Annotations

Branches:
Dungeon (2/15)

Altars:

Annotations:
D:1 Natasha
D:2 Jessica


Innate Abilities, Weirdness & Mutations

Your plain brown scales are hard. (AC +5)
You cannot fit into any form of body armour.
You are cold-blooded and may be slowed by cold attacks.


Message History

Natasha casts a spell at you. The magic dart hits you.
You hit Natasha but do no damage.
Natasha is moderately wounded.
Natasha completely misses you.
You barely miss Natasha.
Natasha is moderately wounded.
Natasha stares at you and mumbles some strange words.
You resist with some effort.
You hit Natasha.
Your tail-slap misses Natasha.
Natasha is heavily wounded.
Natasha claws you but does no damage.
You closely miss Natasha.
Natasha is heavily wounded.
Natasha claws you.
You hit Natasha but do no damage.
Natasha is heavily wounded.
Natasha casts a spell at you.
You feel yourself slow down.
You closely miss Natasha.
Your tail-slap misses Natasha.
Natasha is heavily wounded.
Natasha claws you but does no damage.
Natasha mumbles some strange words.
You hit Natasha.
Natasha is heavily wounded.
Natasha claws you.
You hit Natasha.
Natasha is severely wounded.
The cerulean imp hits you from afar with a +2 spear.
Natasha casts a spell at you. The magic dart hits you.
The cerulean imp hits you but does no damage.
Natasha closely misses you.
Casting: Foxfire (safe; 6% risk of failure)
Confirm with . or Enter, or press ? or * to list all spells.
You conjure some foxfire!
The cerulean imp hits you from afar with a +2 spear.
* * * LOW HITPOINT WARNING * * *
Natasha claws you!
You die...

.......#.#######.###.###...#####
.8.8.8.#....##.......##....#
.......####..........##....#
###'#### ####.......##.####
##>....### ###....###.#
.##.#....#######.##.###.#
.........##......##..##.#
####.....##...5h.###.##.#####
................@v..........##
###########.....v####..####..#
#......# #### #### ########


You could see Natasha (ally target) and a cerulean imp (summoned).

Vanquished Creatures
  Natasha (D:1)
  An adder (D:2)
  A dart slug (D:1)
  3 giant cockroaches (D:1)
  5 goblins
  5 hobgoblins
  2 jackals (D:1)
  A kobold (D:1)
  2 quokkas (D:2)
  2 ball pythons
  4 bats
  A frilled lizard (D:1)
  3 rats
31 creatures vanquished.

Vanquished Creatures (others)
  102 foxfires
102 creatures vanquished.

Grand Total: 133 creatures vanquished

Notes
Turn   | Place    | Note
-------+----------+-------------------------------------------
     0 | D:1      | Barriton the Draconian Fire Elementalist began the quest
                  | for the Orb.
     0 | D:1      | Reached XP level 1. HP: 14/14 MP: 3/3
   315 | D:1      | Reached XP level 2. HP: 20/20 MP: 1/5
   368 | D:1      | Learned a level 2 spell: Scorch
  1027 | D:2      | Reached XP level 3. HP: 14/26 MP: 0/6
  1159 | D:2      | Noticed Jessica
  1169 | D:2      | Noticed Natasha
  1189 | D:1      | HP: 1/26 [Natasha (3)]
  1194 | D:1      | Killed Natasha
  1195 | D:1      | Reached XP level 4. HP: 14/33 MP: 0/8
  1263 | D:1      | Noticed Natasha
  1296 | D:1      | Slain by Natasha

Illustrated notes

Levels and vault maps discovered:
D:1:      doesnt_arrival_eight_statues, layout_rooms,
          kennysheep_decorative_pillar
D:2:      layout_loops_ring, minmay_misc_feat_cross, uniq_natasha, uniq_jessica

Skill      XL: |  1 |
---------------+----+-----
Dodging        | 2 |  2.1
Fighting       | |  0.1
Stealth        | |  1.9
Unarmed Combat | |  0.1
Spellcasting   | |  2.7
Conjurations   | |  1.4
Fire Magic     | |  3.9

Action                     |  1- 3 |  4- 6 || total
---------------------------+-------+-------++-------
  Melee: Unarmed           |    38 |    18 ||    56
         Tailslap          |     2 |     2 ||     4
   Cast: Foxfire           |    55 |     2 ||    57
         Scorch            |     5 |     3 ||     8
    Use: Scroll            |     3 |       ||     3
         Potion            |     4 |       ||     4
 Armour: Skin              |    28 |     4 ||    32
  Dodge: Dodged            |    48 |     9 ||    57

Table legend: (Time is in decaauts)
 A = Elapsed time spent in this place.
 B = Non-inter-level travel time spent in this place.
 C = Inter-level travel time spent in this place.
 D = Time resting spent in this place.
 E = Time spent auto-exploring this place.
 F = Levels seen in this place.
 G = Mean time per level.
                   A        B        C        D        E       F      G
               +--------+--------+--------+--------+--------+-----+--------+
         Total |   1297 |   1268 |     29 |      0 |   1032 |   2 |  648.5 |
       Dungeon |   1297 |   1268 |     29 |      0 |   1032 |   2 |  648.5 |
               +--------+--------+--------+--------+--------+-----+--------+

Top non-repeatable levels by time:
     D:1: 1112 daAuts
     D:2: 184 daAuts
